 Dungeon Crawl Stone Soup version 0.30.1-4-g462c640d31 (webtiles) character file.

Game seed: 8502859859999741554

63 Meretseger the Sneak (level 3, -1/30 HPs)
             Began as a Draconian Brigand on Aug 29, 2023.
             Slain by a gnoll
             ... wielding a +0 spear
              (3 damage)
             ... on level 3 of the Dungeon.
             The game lasted 00:03:19 (552 turns).

Meretseger the Sneak (Draconian Brigand)             Turns: 552, Time: 00:03:19

Health: -1/30      AC:  6    Str: 13    XL:     3   Next: 87%
Magic:  4/4        EV: 11    Int: 13    God:
Gold:   24         SH:  0    Dex: 12    Spells: 3/3 levels left

rFire   . . .        a - +2 dagger
rCold   . . .        (no shield)
rNeg    . . .        (body armour unavailable)
rPois   .            (helmet restricted)
rElec   .            b - +0 cloak
rCorr   .            (no gloves)
SInv    .            (no boots)
Will    .....        (no amulet)
Stlth   +++          (no ring)
HPRegen 0.25/turn    (no ring)
MPRegen 0.09/turn

%: no passive effects
@: no status effects
A: AC +5, unfitting armour, cold-blooded
a: no special abilities


You were on level 3 of the Dungeon.
You visited 1 branch of the dungeon, and saw 3 of its levels.

You collected 24 gold pieces.

Inventory:

Hand Weapons
 a - a +2 dagger (weapon)
Missiles
 c - 6 poisoned darts (quivered)
 d - 2 curare-tipped darts
Armour
 b - a +0 cloak (worn)
Jewellery
 i - a ring of flight
Scrolls
 e - a scroll of immolation
 f - a scroll of vulnerability
 h - a scroll of noise
 k - a scroll of magic mapping {unknown}
Potions
 g - a potion of curing
 j - a potion of mutation {unknown}
 l - a potion of degeneration {unknown}
 m - a potion of brilliance {unknown}


   Skills:
 * Level 2.4 Fighting
 * Level 2.4 Short Blades
 * Level 1.9 Throwing
 * Level 1.1 Dodging
 * Level 4.5 Stealth
 * Level 0.7 Spellcasting


You had 3 spell levels left.
You didn't know any spells.
Your spell library was empty.

Dungeon Overview and Level Annotations

Branches:
Dungeon (3/15)

Altars:
Wu Jian


Innate Abilities, Weirdness & Mutations

Your plain brown scales are hard. (AC +5)
You cannot fit into any form of body armour.
You are cold-blooded and may be slowed by cold attacks.


Message History

A gnoll comes into view. It is wielding a +0 spear.
Throw: 8 darts (poison)
Press: ? - help, Q - select action, (/) - cycle Shift-Dir - straight line, f - gnoll
Aim: a gnoll, wielding a +0 spear (wandering, hasn't noticed you, 61% to hit)
You throw a poisoned dart. The poisoned dart hits the gnoll.
The gnoll is poisoned.
The gnoll shouts!
You hear a shout!
The gnoll hits you from afar with a +0 spear.
A gnoll comes into view. It is wielding a +0 spear.
The gnoll hits you with a +0 spear.
You hit the gnoll.
The gnoll is heavily wounded.
The gnoll looks more healthy.
The gnoll barely misses you. The gnoll closely misses you.
A gnoll comes into view. It is wielding a +0 flail.
Throw: 7 darts (poison)
Press: ? - help, Q - select action, (/) - cycle Shift-Dir - straight line, f/p - gnoll
Aim: a gnoll, wielding a +0 spear (severely wounded, 61% to hit)
You throw a poisoned dart. The poisoned dart hits the gnoll.
The gnoll is poisoned.
The gnoll is severely wounded.
The gnoll shouts!
The gnoll hits you from afar with a +0 spear.
You kill the gnoll!
You closely miss the gnoll. The gnoll hits you with a +0 whip.
You hit the gnoll.
The gnoll is lightly wounded.
The gnoll barely misses you. The gnoll misses you.
You hit the gnoll but do no damage. The gnoll attacks as you move away!
The gnoll hits you with a +0 whip. The gnoll closely misses you.
You closely miss the gnoll.
You tail-slap the gnoll, but do no damage.
The gnoll closely misses you. x2; The gnoll hits you with a +0 whip!
The gnoll attacks as you move away! The gnoll hits you with a +0 spear.
The gnoll hits you with a +0 flail!
* * * LOW HITPOINT WARNING * * *
The gnoll hits you from afar with a +0 spear.
You die...

.. .. ##. g... ###.##. ....
##.. ....##.....##....
##...# #.#(...........
#.8... #.....##....#
.....#####.....##....#
...#..#.(≈≈.........
.#.###.#.##).≈≈.....#
.........<@gg...)_..#
...###....#.g...........#
..........#...♣♣........#
..........##..♣♣..≈≈...#...
......#...##......≈≈...# .#
###...#...###...........#
#...#...# .##.....##....
#...#...# # ######. #...
### #...#


You could see 3 gnolls.

Vanquished Creatures
  Terence (D:2)
  A gnoll (D:3)
  An adder (D:3)
  An endoplasm (D:2)
  2 goblins (D:1)
  3 hobgoblins
  2 kobolds
  4 ball pythons
  A bat (D:1)
  3 frilled lizards
19 creatures vanquished.

Notes
Turn   | Place    | Note
-------+----------+-------------------------------------------
     0 | D:1      | Meretseger the Draconian Brigand began the quest for the
                  | Orb.
     0 | D:1      | Reached XP level 1. HP: 17/17 MP: 1/1
   178 | D:1      | Reached XP level 2. HP: 24/24 MP: 2/2
   298 | D:2      | Reached skill level 4 in Stealth
   350 | D:2      | Noticed Terence
   373 | D:2      | Killed Terence
   374 | D:2      | Reached skill level 1 in Dodging
   374 | D:2      | Reached XP level 3. HP: 26/30 MP: 3/3
   516 | D:3      | Found an ornate altar of the Wu Jian Council.
   552 | D:3      | Slain by a gnoll

Illustrated notes

Levels and vault maps discovered:
D:1:      dpeg_arrival_windows_large_door, layout_rooms
D:2:      layout_basic, basic_ecumenical_altar, uniq_terence
D:3:      layout_basic, nicolae_overflow_ecumenical_swirl,
          nicolae_wu_jian_wuxing_cycle, serial_shops, nicolae_shop_stone,
          nicolae_shop_crystal, nicolae_shop_hallway_plus, shop, shop,
          uniq_natasha

Skill      XL: |  1  2 |
---------------+-------+-----
Stealth        | 4 |  4.5
Dodging        | 1 |  1.1
Fighting       | |  2.4
Short Blades   | |  2.4
Throwing       | |  1.9
Spellcasting   | |  0.7

Action                     || total
---------------------------++-------
  Melee: Dagger            ||    41
         Tailslap          ||     4
  Throw: Dart              ||     8
    Use: Scroll            ||     3
   Stab: Sleeping          ||     6
 Armour: Skin              ||     6
  Dodge: Dodged            ||    23
